[Event "***Titled Tuesday 3|2 Blitz"]
[Site "Chess.com"]
[Date "2017.02.07"]
[Round "9"]
[White "E-Shaposhnikov"]
[Black "Noukii"]
[Result "0-1"]
[WhiteElo "2729"]
[BlackElo "2640"]
[TimeControl "180+2"]
[EndTime "15:15:02 PST"]
[Termination "Noukii won on time"]

1. Nf3 Nf6 2. c4 c6 3. d4 d5 4. e3 Bf5 5. Nc3 e6 6. Nh4 Be4 7. Qb3 Qc7 8. f3 Bg6 9. g3 Be7 10. Bd2 O-O 11. Rc1 dxc4 12. Bxc4 a6 13. Nxg6 hxg6 14.
a4 c5 15. d5 exd5 16. Nxd5 Nxd5 17. Bxd5 Nc6 18. O-O Rad8 19. Bc3 b6 20. Qc4 a5 21. Qe4 Rd6 22. Rcd1 Bf6 23. Bc4 Bxc3 24. bxc3 Rfd8 25. Rd5 Ne7 26. Re5 Kf8 27. Qf4 Rf6 28. Qe4 Nc6 29.
Rd5 Rxd5 30. Bxd5 Rd6 31. Rd1 Qd7 32. c4 Nb4 33. Rd2 Qxa4 34. Qh4 Nxd5 35. Qh8+ Ke7 36.
cxd5 Qa1+ 37. Kf2 Rxd5 38. Qh4+ f6 39. Qe4+ Re5 40. Qc6 Kf7 0-1

[Event "***Titled Tuesday 3|2 Blitz"]
[Site "Chess.com"]
[Date "2017.02.07"]
[Round "9"]
[White "Alliswell998"]
[Black "Pierrebl"]
[Result "0-1"]
[WhiteElo "2145"]
[BlackElo "2411"]
[TimeControl "180+2"]
[EndTime "15:15:03 PST"]
[Termination "Pierrebl won by resignation"]

1. e4 c5 2. Nf3 Nc6 3. d4 cxd4 4. Nxd4 Nf6 5. Nc3 e5 6. Ndb5 d6 7. Bg5 a6 8. Na3 b5 9. Nd5 Be7 10. Bxf6 Bxf6 11. c4 b4 12. Nc2 a5 13. g3 O-O 14.
Bg2 Bg5 15. O-O Ne7 16. b3 Nxd5 17. Qxd5 Be6 18. Qd3 Qb6 19. Kh1 a4 20. f4 exf4 21.
gxf4 Bf6 22. Rad1 axb3 23. axb3 Ra2 24. Ne3 Qc5 25. Nd5 Bxd5 26. Qxd5 Qe3 27. Qxd6 Qxb3 28. e5 Bh4 29. f5 Qc2 30. Qd5 h5 31. e6 Rd8 32.
exf7+ Kf8 33. Qc6 Qxd1 34. Qe8+ Rxe8 35. fxe8=Q+ Kxe8 36.
Rxd1 b3 37. Rb1 b2 38. Be4 Bf6 39.
Kg2 Ra4 40. Bd3 Ra3 41. Bc2 Re3 42. Kf2 Bd4 43. Kg2 Re2+ 44. Kf3 Rxc2 45. Ke4 Rc1 46. Kd5 Rxb1 47. f6 0-1

[Event "***Titled Tuesday 3|2 Blitz"]
[Site "Chess.com"]
[Date "2017.02.07"]
[Round "9"]
[White "stefanodinn"]
[Black "Blitzstream"]
[Result "1-0"]
[WhiteElo "2250"]
[BlackElo "2423"]
[TimeControl "180+2"]
[EndTime "15:15:03 PST"]
[Termination "stefanodinn won by resignation"]

1. e4 d5 2. exd5 Nf6 3. Bb5+ Bd7 4. Be2 c6 5. dxc6 Bxc6 6. Nf3 g5 7. O-O g4 8. Ne1 h5 9. d4 h4 10. c4 g3 11. d5 gxh2+ 12. Kh1 Bd7 13. Nc3 Na6 14.
Bf4 Bh6 15. Bxh2 h3 16. g4 Rg8 17. Rg1 Qb6 18. Nd3 Nc5 19. Nxc5 Qxc5 20. f4 Bg7 21. g5 Nh7 22. Qd3 O-O-O 23. Qxh7 Bxc3 24. bxc3 Bc6 25. Bf3 Qe3 26. Qe4 Qxe4 27. Bxe4 Bd7 28. f5 b6 29.
Raf1 a5 30. Be5 b5 31. c5 f6 32. gxf6 exf6 33. Bxf6 Rdf8 34. Rxg8 Rxg8 35. Rg1 Re8 36. Rg4 b4 37. cxb4 axb4 38. Kh2 b3 39. axb3 Bb5 40.
d6 Rf8 41. Be7 Rh8 42. f6 Bd7 43. Rf4 Be6 44. Bf5 Kd7 45. Bxe6+ Kxe6 46. f7 Rg8 47. fxg8=Q+ 1-0

[Event "***Titled Tuesday 3|2 Blitz"]
[Site "Chess.com"]
[Date "2017.02.07"]
[Round "9"]
[White "lucasmito"]
[Black "EmeseBalogh"]
[Result "0-1"]
[WhiteElo "1785"]
[BlackElo "2002"]
[TimeControl "180+2"]
[EndTime "15:15:04 PST"]
[Termination "EmeseBalogh won by checkmate"]

1. e4 d5 2. exd5 Qxd5 3. Nc3 Qd6 4. d4 c6 5. Nf3 Nf6 6. Bd3 Bg4 7. h3 Bh5 8. Be3 e6 9. Qd2 Qc7 10. O-O-O Nbd7 11. g4 Bg6 12. Bf4 Bd6 13. Bxd6 Qxd6 14. Bxg6 hxg6 15. Rdg1 O-O-O 16. h4 Nb6 17. Ng5 Rd7 18. f3 Nc4 19. Qd3 Qf4+ 20. Kb1 Rxd4 21. Qe2 Nd5 22. Nce4 Nd2+ 23. Ka1 Nxe4 24. Nxe4 Nb6 25. c3 Rd7 26. Nc5 Rd5 27. Qe4 Qxe4 28. Nxe4 Rhd8 29. Kb1 Nc4 30. Rg2 Kc7 31. b3 Ne5 32. Rf2 Rd3 33. Kc2 Rxf3 34. Rxf3 Nxf3 35. Rf1 Ne5 36. Ng5 Rd7 37.
h5 Nxg4 38. hxg6 fxg6 39. Nxe6+ Kd6 40. Re1 Re7 41. Rg1 Ne3+ 42. Kd3 Rxe6 43. Re1 Nd5 44. Rf1 Rf6 45. Rh1 Nf4+ 46. Ke4 g5 47. Rg1 Ne6 48. Rh1 Rf4+ 49. Ke3 g4 50. Rh7 Rf3+ 51. Ke2 Rxc3 52. Rh4 g3 53. Rh3 g2 54. Rxc3 g1=Q 55. Rd3+ Nd4+ 56. Kd2 Qf2+ 57. Kc3 c5 58. b4 Qc2# 0-1

[Event "***Titled Tuesday 3|2 Blitz"]
[Site "Chess.com"]
[Date "2017.02.07"]
[Round "9"]
[White "Feegus"]
[Black "Sebastian"]
[Result "1-0"]
[WhiteElo "2400"]
[BlackElo "2646"]
[TimeControl "180+2"]
[EndTime "15:15:05 PST"]
[Termination "Feegus won by checkmate"]

1. Nf3 c5 2. g3 g6 3. Bg2 Bg7 4. O-O Nc6 5. c4 d6 6. Nc3 e6 7. Rb1 Nge7 8. a3 b6 9. b4 Bb7 10. e3 Qd7 11. d4 cxd4 12. exd4 O-O 13. Bb2 Rac8 14. Qd3 Nf5 15. Ne2 d5 16. c5 bxc5 17.
bxc5 Rb8 18. g4 Nfe7 19. Bc3 Qc8 20. Rfd1 Ba6 21. Rxb8 Nxb8 22. Qd2 Qb7 23. Nf4 Nbc6 24. h4 Qb3 25. h5 Rb8 26. g5 Nf5 27. Bh3 Nce7 28.
h6 Bh8 29. a4 Nc6 30. Bxf5 gxf5 31. Re1 Qc4 32. Qe3 Bc8 33. Nh5 Rb3 34. Nf6+ Kf8 35. Qf4 e5 36. Nxe5 Bxf6 37. Nxc6 Be7 38. Qe5 Be6 39. Qh8# 1-0

[Event "***Titled Tuesday 3|2 Blitz"]
[Site "Chess.com"]
[Date "2017.02.07"]
[Round "9"]
[White "kiborg1987"]
[Black "Maitreia"]
[Result "1-0"]
[WhiteElo "2633"]
[BlackElo "2486"]
[TimeControl "180+2"]
[EndTime "15:15:20 PST"]
[Termination "kiborg1987 won on time"]

1. d4 Nf6 2. Bg5 g6 3. Bxf6 exf6 4. e3 d5 5. g3 c6 6. Bg2 Qb6 7. b3 Qa5+ 8. c3 h5 9. h4 Bd6 10. Ne2 Bg4 11. Qd3 O-O 12. O-O Nd7 13. c4 dxc4 14.
bxc4 Rfe8 15. Nbc3 Rad8 16. Rab1 Qc7 17. Rb2 Ba3 18. Rb3 Nc5 19. Qb1 Nxb3 20. axb3 Bxe2 21. Nxe2 Bf8 22. Bf3 Kg7 23. Kg2 f5 24. Qa1 a6 25.
c5 Be7 26. Nf4 Bf6 27. b4 Ra8 28. Qa5 Bd8 29. Qa4 Qd7 30. d5 Rc8 31. Rd1 Qc7 32. dxc6 bxc6 33. Rd6 Qb8 34. Bxc6 Re5 35. Qxa6 Be7 36.
Rd7 Rc7 37. Rxc7 Qxc7 38. Qb7 Qd8 39. Bd5 Qe8 40. Nd3 Rxd5 41. Qxd5 Qb5 42. Ne5 Qe8 43. c6 Bd8 44. b5 Bc7 45. Nd7 Qd8 46. Qd4+ f6 47. b6 Bb8 48. Qxf6+ Qxf6 49. Nxf6 1-0

[Event "***Titled Tuesday 3|2 Blitz"]
[Site "Chess.com"]
[Date "2017.02.07"]
[Round "9"]
[White "Yaacovn"]
[Black "underdogchss"]
[Result "1-0"]
[WhiteElo "2597"]
[BlackElo "2446"]
[TimeControl "180+2"]
[EndTime "15:15:22 PST"]
[Termination "Yaacovn won on time"]

1. d4 Nf6 2. Nf3 e6 3. c4 b6 4. g3 Ba6 5. Qc2 Bb7 6. Bg2 c5 7. dxc5 bxc5 8. O-O Be7 9. Nc3 O-O 10. Rd1 d6 11. Bf4 Qb6 12. Rab1 Nbd7 13. a3 a5 14. Bg5 h6 15. Bxf6 Nxf6 16. Ne1 Bxg2 17. Nxg2 Qc6 18. a4 d5 19. cxd5 exd5 20. Nf4 Rad8 21.
Nb5 Qb6 22. b3 Rfe8 23. Qf5 d4 24. Rbc1 Bf8 25. h4 g6 26. Qc2 Ne4 27. Qc4 Qf6 28. Nc7 Re5 29. Qa6 Bd6 30. Qxa5 g5 31. hxg5 hxg5 32.
Nd3 c4 33. Nd5 Rxd5 34. Qxd5 Nc3 35. Qxc4 Nxd1 36. Rxd1 Kg7 37. Nc5 Be5 38. Ne4 Qf5 39.
Qd3 g4 40. Nc5 Qh5 41. Qe4 Rh8 42. Qg2 Bd6 43. Nd3 Bc7 44. b4 Bd6 45. Rc1 1-0

[Event "***Titled Tuesday 3|2 Blitz"]
[Site "Chess.com"]
[Date "2017.02.07"]
[Round "9"]
[White "jcibarra"]
[Black "Zhigalko_Sergei"]
[Result "1-0"]
[WhiteElo "2662"]
[BlackElo "2681"]
[TimeControl "180+2"]
[EndTime "15:15:23 PST"]
[Termination "jcibarra won by checkmate"]

1. e4 c5 2. Nf3 d6 3. d4 cxd4 4.
Nxd4 Nf6 5. Nc3 a6 6. Bg5 Nbd7 7. f4 Qc7 8. Qf3 b5 9. O-O-O Bb7 10. Bd3 g6 11. Rhe1 Bg7 12. Nd5 Nxd5 13. exd5 Nf6 14. Nc6 Bxc6 15. dxc6 O-O 16. f5 Rac8 17. fxg6 hxg6 18.
Kb1 Rfe8 19. Bxf6 Bxf6 20. Be4 Kg7 21. Rf1 Rh8 22. h3 Rcf8 23. g4 Be5 24. c3 e6 25. Bc2 a5 26. Rf2 b4 27. cxb4 axb4 28. Bb3 d5 29. Rc2 Rc8 30. Rf1 Qe7 31. Qe3 Qd6 32.
Ba4 Kg8 33. Re2 Bg7 34. Rc2 Rc7 35. Rcf2 Rh4 36. Rf3 Rh7 37. Qb6 Bf8 38. Qf2 Qe5 39. h4 Qe4+ 40. Bc2 Qxg4 41. Rg1 Qxh4 42. Qb6 Qh2 43.
Rfg3 Bd6 44. Qb8+ Kg7 45. Rxg6+ fxg6 46. Rxg6+ Kf7 47. Qg8+ Ke7 48. Rxe6# 1-0

[Event "***Titled Tuesday 3|2 Blitz"]
[Site "Chess.com"]
[Date "2017.02.07"]
[Round "9"]
[White "wnstop"]
[Black "DrVelja"]
[Result "0-1"]
[WhiteElo "2413"]
[BlackElo "2512"]
[TimeControl "180+2"]
[EndTime "15:15:30 PST"]
[Termination "DrVelja won by resignation"]

1. e4 c5 2. Nf3 Nc6 3. d4 cxd4 4.
Nxd4 g6 5. c4 Bg7 6. Be3 Nf6 7.
Nc3 O-O 8. Be2 d6 9. O-O Bd7 10. Nc2 Rc8 11. Rc1 Be6 12. Na3 Nd7 13. Qd2 Qa5 14.
Rfd1 Rfe8 15. f3 Qb4 16. Nab5 a6 17. a3 Qb3 18. Nd4 Nxd4 19. Bxd4 Bxd4+ 20. Qxd4 Bxc4 21. Nd5 Bxd5 22. exd5 Rc2 23. Rxc2 Qxc2 24. Rd2 Qc1+ 25. Kf2 Rc8 26. b4 Qxa3 27. h4 Qc3 28. Qf4 Qe5 29.
Qh6 Rc3 30. b5 a5 31. Bf1 b6 32. Re2 Qd4+ 33. Kg3 Ne5 34. h5 Qg4+ 35. Kf2 Qh4+ 36. Kg1 Qxh5 37. Qd2 Rc5 38. Qd4 Qg5 39. Re3 Rc2 40. f4 Qh4 41. Qe4 Ng4 42. Bd3 Qf2+ 43. Kh1 Rc1+ 44. Re1 Rxe1+ 0-1

[Event "***Titled Tuesday 3|2 Blitz"]
[Site "Chess.com"]
[Date "2017.02.07"]
[Round "9"]
[White "hansen"]
[Black "Janosik"]
[Result "1-0"]
[WhiteElo "2649"]
[BlackElo "2617"]
[TimeControl "180+2"]
[EndTime "15:15:37 PST"]
[Termination "hansen won by resignation"]

1. e4 e5 2. Nf3 Nc6 3. Bb5 Nf6 4. O-O Nxe4 5. Re1 Nd6 6. Nxe5 Be7 7. Bf1 Nf5 8. Nf3 O-O 9. d4 d5 10. c3 Bd6 11.
Bd3 Nce7 12. Na3 c6 13. Nc2 Ng6 14. b3 f6 15. c4 Kh8 16. Ba3 Bxa3 17. Nxa3 dxc4 18.
Nxc4 Nf4 19. Bf1 Nd5 20. Qd2 Bd7 21. Re4 Qc7 22. Rae1 Rae8 23. h4 Rxe4 24. Rxe4 Re8 25. Bd3 Rxe4 26. Bxe4 Nfe7 27. h5 Bf5 28. Bxd5 Nxd5 29.
h6 Qe7 30. hxg7+ Kxg7 31. Nh4 Bg6 32. Ne3 Nxe3 33. fxe3 Qe4 34. Qf2 Qg4 35. Nf3 Be4 36.
Nd2 Bd5 37. Kh2 a5 38. Qg3 Qxg3+ 39. Kxg3 f5 40. Kf4 Bxg2 41. Kxf5 Kf7 42. Nc4 h5 43. Nxa5 h4 44. Kg4 h3 45. Kg3 b5 46. Nb7 Ke6 47.
a4 bxa4 48. bxa4 Kd7 49. a5 Kc7 50. Nc5 Bf1 51. e4 Kd6 52. e5+ Kc7 53. a6 Kb6 54. e6 Bc4 55. Kxh3 Bxe6+ 56. Nxe6 Kxa6 57. Kg4 Kb5 58. Kf4 Kc4 59. Ke5 c5 60. dxc5 1-0

[Event "***Titled Tuesday 3|2 Blitz"]
[Site "Chess.com"]
[Date "2017.02.07"]
[Round "9"]
[White "HouseOfDurin"]
[Black "ka1ser64"]
[Result "1-0"]
[WhiteElo "1902"]
[BlackElo "2272"]
[TimeControl "180+2"]
[EndTime "15:15:39 PST"]
[Termination "HouseOfDurin won by resignation"]

1. c4 e6 2. Nc3 Nf6 3. e4 d5 4. e5 Nfd7 5. d4 dxc4 6. Bxc4 Nb6 7. Bb3 Be7 8. f4 O-O 9. Nf3 c5 10. a4 cxd4 11. Qxd4 Nc6 12. Qe4 Nb4 13. O-O Bd7 14.
Rd1 Qc7 15. Nb5 Bxb5 16. axb5 Qc5+ 17. Be3 Qxb5 18. Qxb7 Bc5 19. Nd4 Bxd4 20. Bxd4 Rfb8 21. Qe4 N4d5 22. Bc2 g6 23. Bd3 Qb4 24. Bc3 Qxe4 25. Bxe4 Rd8 26. Ra6 Rac8 27. Rxa7 Nxc3 28. Rxd8+ Rxd8 29. bxc3 Rd1+ 30. Kf2 Rc1 31. Rc7 Na4 32. c4 Nc3 33. Bd3 Rd1 34. Be2 Rd2 35. Ke3 Rxe2+ 36. Kd3 Rxg2 37. Kxc3 Rxh2 38. Rc8+ Kg7 39. c5 Rh4 40. c6 Rxf4 41. c7 Rf1 42. Kc2 Rf2+ 43. Kd3 Rf3+ 44. Kd2 Rf2+ 45. Kc1 Rf1+ 46. Kb2 Rf2+ 47.
Kb3 Rf3+ 48. Kb4 Rf4+ 49. Kb5 Rf5 50. Rd8 Rxe5+ 51. Kb6 Re1 52. c8=Q Rb1+ 53. Ka5 Ra1+ 54. Kb4 Rb1+ 55. Ka3 Ra1+ 56. Kb2 Rf1 57. Qc3+ Kh6 58. Qh3+ Kg7 59. Qxf1 1-0

[Event "***Titled Tuesday 3|2 Blitz"]
[Site "Chess.com"]
[Date "2017.02.07"]
[Round "9"]
[White "Gergo85"]
[Black "Incognito_Knight"]
[Result "0-1"]
[WhiteElo "2425"]
[BlackElo "2334"]
[TimeControl "180+2"]
[EndTime "15:15:40 PST"]
[Termination "Incognito_Knight won on time"]

1. e4 c5 2. Nf3 e6 3. b3 b6 4. Bb2 Bb7 5. Qe2 d6 6. Nc3 Nf6 7. d4 cxd4 8. Nxd4 Be7 9. O-O-O O-O 10. g4 Nfd7 11. h4 Bxh4 12. Kb1 Bg5 13. Ndb5 Ba6 14.
Qf3 Ne5 15. Qg3 Ng6 16. Nxd6 Bxf1 17. Nxf7 Qe7 18. Nxg5 Qxg5 19. Rhxf1 Nc6 20. Ne2 Rad8 21. Rxd8 Rxd8 22. Qc3 Nce5 23. Nc1 Qd2 24. Qg3 Nc6 25. Nd3 e5 26. f4 exf4 27. Nxf4 Nb4 28. Qc3 Qd1+ 29.
Rxd1 Rxd1+ 30. Bc1 Rxc1+ 31. Kxc1 Nxa2+ 32. Kb2 Nxc3 33. Nxg6 Nxe4 34. Ne7+ Kf7 35. Nc8 g6 36. Nxa7 h5 37. gxh5 gxh5 38. Nc6 Kf6 39. Nd4 h4 40. Nf3 h3 41. c4 Kf5 42. Kc2 Kf4 43. Nh2 Kg3 44.
Nf1+ Kf2 45. Nh2 Kg2 46. Ng4 Nf2 47. Ne3+ Kg1 48. Nf5 h2 49. Ng3 Kg2 50. Ne2 h1=Q 0-1

[Event "***Titled Tuesday 3|2 Blitz"]
[Site "Chess.com"]
[Date "2017.02.07"]
[Round "9"]
[White "Aguiar94"]
[Black "AkshatChandra"]
[Result "0-1"]
[WhiteElo "2456"]
[BlackElo "2634"]
[TimeControl "180+2"]
[EndTime "15:15:54 PST"]
[Termination "AkshatChandra won by resignation"]

1. e4 c5 2. Nf3 d6 3. d4 cxd4 4.
Nxd4 Nf6 5. Nc3 a6 6. h3 e5 7. Nde2 b5 8. g4 b4 9. Nd5 Nxd5 10. Qxd5 Ra7 11. Be3 Be6 12. Qd2 Rd7 13. Bg2 d5 14. exd5 Bxd5 15. Bxd5 Rxd5 16. Qc1 Be7 17. c4 Rd3 18.
Qc2 h5 19. Rg1 hxg4 20. hxg4 Rh3 21. Ng3 Bh4 22. Ke2 Rxe3+ 23. Kxe3 Qg5+ 24. Kd3 e4+ 25. Ke2 Qxg4+ 26. Ke1 Bxg3 27. fxg3 Rxg3 28. Rxg3 Qxg3+ 29. Qf2 Qe5 30. Rd1 Nd7 31. Rd5 Qe6 32. Qa7 f5 33.
Qb7 f4 34. c5 Qh3 35. c6 Qh1+ 36. Kd2 e3+ 37. Kc2 Qxd5 38. cxd7+ Qxd7 39. Qb8+ Qd8 40. Qxf4 Qe7 41. Qb8+ Kf7 42. Qf4+ Kg8 43. Qc4+ Kh7 44. Qd3+ g6 45. Kd1 Qe5 46. Qd7+ Kh6 47. Qh3+ Kg5 48. Qg2+ Kf5 49. Qh3+ Kf6 50. Qf3+ Kg7 51.
Qb7+ Kf6 52. Qf3+ Qf5 53. Qxe3 Qb1+ 54. Ke2 Qxb2+ 55. Kf3 Qc3 0-1

[Event "***Titled Tuesday 3|2 Blitz"]
[Site "Chess.com"]
[Date "2017.02.07"]
[Round "9"]
[White "Evgeny_Levin"]
[Black "Alexander_Moskalenko"]
[Result "0-1"]
[WhiteElo "2780"]
[BlackElo "2718"]
[TimeControl "180+2"]
[EndTime "15:16:09 PST"]
[Termination "Alexander_Moskalenko won by checkmate"]

1. d4 d5 2. c4 Nc6 3. Nc3 dxc4 4.
d5 Ne5 5. Qd4 Ng6 6. e4 e5 7.
Qxc4 a6 8. Nf3 Bd6 9. Be2 Bd7 10. O-O Nf6 11. Rd1 O-O 12. a3 Nh5 13. g3 h6 14.
Be3 Nf6 15. Nd2 Ng4 16. Bxg4 Bxg4 17. f3 Bd7 18. Rac1 Kh7 19. Qb3 b5 20. Qc2 Rc8 21. Nb3 f5 22. exf5 Bxf5 23. Ne4 Qd7 24. Nbc5 Qf7 25. Qe2 Ne7 26. Qd2 Qg6 27. Bf2 Rcd8 28. Qe2 Qf7 29. Nxa6 Nxd5 30. Nac5 Bg6 31. Rd3 Bxc5 32.
Rxc5 Bh5 33. Qc2 Kg8 34. Qb3 c6 35. Rxc6 Bxf3 36. Nd6 Qe6 37. Rxf3 Rxf3 38. Qxf3 Rxd6 39. Rxd6 Qxd6 40. Qe2 Nf6 41. Qxb5 Qd1+ 42. Qf1 Qc2 43. b4 e4 44. h3 Nd5 45. Qe1 Qd3 46. Qf1 Qf3 47.
Qc4 e3 48. Be1 Qd1 49. Qc8+ Kf7 50. Qf5+ Nf6 51. Kf1 Qc1 52. Qd3 Ke6 53. Qa6+ Ke5 54. Qb5+ Nd5 55. Qd3 Qb2 56. a4 Qh2 57. Bc3+ Kd6 58.
Qa6+ Kd7 59. Qb5+ Kd6 60. Qc5+ Ke6 61. Qc6+ Ke7 62. Qxd5 Qf2# 0-1

[Event "***Titled Tuesday 3|2 Blitz"]
[Site "Chess.com"]
[Date "2017.02.07"]
[Round "9"]
[White "nihalsarin"]
[Black "Iball95"]
[Result "0-1"]
[WhiteElo "2475"]
[BlackElo "2415"]
[TimeControl "180+2"]
[EndTime "15:16:11 PST"]
[Termination "Iball95 won by resignation"]

1. Nf3 c5 2. c4 Nf6 3. g3 Nc6 4.
Bg2 g6 5. b3 Bg7 6. Bb2 O-O 7.
O-O d5 8. cxd5 Nxd5 9. Bxg7 Kxg7 10. d4 cxd4 11. Nxd4 Nxd4 12. Qxd4+ Nf6 13. Qb2 Qb6 14. Nc3 Be6 15. Na4 Qb5 16. Rfc1 Rac8 17. e3 b6 18. Rc3 Rxc3 19. Nxc3 Qe5 20. Rc1 Rc8 21. Qd2 Rc7 22. h3 Qa5 23. e4 Rd7 24. Qb2 Qe5 25. f4 Qd4+ 26. Kh2 Qd2 27. Rc2 Qe3 28. Re2 Qd4 29. g4 Rc7 30. Nb5 Qxb2 31.
Rxb2 Rc5 32. Nxa7 Bd7 33. e5 Ne8 34. Rd2 Rc7 35. Rxd7 Rxd7 36. Nc8 b5 37. a4 bxa4 38.
bxa4 Rc7 39. Nb6 Rc5 40. Kg3 Nc7 41. Bf1 Rc3+ 42. Kh4 Ra3 43. Bc4 h6 44. g5 hxg5+ 45.
Kxg5 Rxh3 46. Nc8 Kf8 47. Nb6 Ra3 48. f5 gxf5 49. Kxf5 e6+ 50. Ke4 Ke7 51. Kd4 Ra1 52. Kc5 Re1 53. Kc6 Kd8 54. a5 Rxe5 55. a6 Ra5 56. Kb7 Nxa6 57. Bxa6 Rc5 58. Na4 Rc1 59. Kb6 Ke7 60. Nc5 f5 61. Kc6 f4 62. Be2 Rc2 63. Bg4 Rc3 64. Kb5 f3 65. Bh3 f2 66. Bf1 Rc1 67. Bh3 f1=Q+ 68. Bxf1 Rxf1 69. Kc4 Rd1 70. Ne4 e5 71. Nc3 Rd4+ 72. Kc5 Ke6 73. Nb5 Rd5+ 74. Kc4 Rxb5 75. Kxb5 Kd5 0-1

[Event "***Titled Tuesday 3|2 Blitz"]
[Site "Chess.com"]
[Date "2017.02.07"]
[Round "9"]
[White "VMikhalevski"]
[Black "BillieKimbah"]
[Result "0-1"]
[WhiteElo "2539"]
[BlackElo "2629"]
[TimeControl "180+2"]
[EndTime "15:16:32 PST"]
[Termination "BillieKimbah won by resignation"]

1. Nf3 Nf6 2. g3 b6 3. Bg2 Bb7 4. O-O e6 5. c4 Be7 6. d4 O-O 7. d5 exd5 8. Nh4 c6 9. cxd5 Nxd5 10.
Nf5 Bf6 11. e4 Ne7 12. Nd6 Ba6 13. Re1 Be5 14. f4 Bxd6 15. Qxd6 c5 16. Nc3 Nbc6 17.
Be3 Nb4 18. Rac1 Nd3 19. Bf1 Nxe1 20. Bxa6 Nf3+ 21. Kg2 Nd4 22. Bxd4 cxd4 23. Qxd4 Nc6 24. Qd6 Re8 25. Rd1 Qe7 26. e5 Rad8 27. Nb5 Qe6 28. Nc7 Qxd6 29. Rxd6 Rf8 30. a3 Nb8 31. Bb7 f6 32.
exf6 Rxf6 33. Rd2 Kf8 34. Kf3 Nc6 35. g4 g5 36. f5 Ne5+ 37. Kg3 h5 38. h3 h4+ 39.
Kf2 Rb8 40. Ba6 Nf7 41. Nb5 Rd8 42. Bb7 d5 43. Bxd5 a6 44. Nc7 Rd7 45. Nxa6 Rfd6 46.
Nb4 Ne5 47. Rd4 Nc6 48. Bxc6 Rxd4 49. Bxd7 Rxd7 50. Ke3 Rd1 51. Ke4 Rh1 52. f6 Rxh3 53. Kf5 Rf3+ 54. Kxg5 h3 55. Nc6 h2 56. Ne5 h1=Q 57.
Kg6 Qb1+ 58. Kg5 Rf1 59. Ng6+ Kf7 60. Nh8+ Ke6 61. f7 Rxf7 0-1

[Event "***Titled Tuesday 3|2 Blitz"]
[Site "Chess.com"]
[Date "2017.02.07"]
[Round "9"]
[White "Ar4uha"]
[Black "twitchTriniCupid"]
[Result "1-0"]
[WhiteElo "2434"]
[BlackElo "2136"]
[TimeControl "180+2"]
[EndTime "15:16:32 PST"]
[Termination "Ar4uha won on time"]

1. e4 d6 2. d4 Nf6 3. Nc3 g6 4. f4 Bg7 5. a3 O-O 6. Nf3 c5 7. dxc5 dxc5 8. Qxd8 Rxd8 9. e5 Nd5 10. Nxd5 Rxd5 11.
Bd3 Bf5 12. Bxf5 gxf5 13. Be3 b6 14. Ke2 Nc6 15. Rhd1 Rad8 16. Rxd5 Rxd5 17. Rd1 Rxd1 18. Kxd1 f6 19. exf6 Bxf6 20. b3 Bb2 21. a4 Nb4 22. Bd2 Nd5 23. Ke2 Kf7 24. Kd3 Bf6 25. Kc4 Nc7 26. g3 Ke6 27. Bc3 Bxc3 28. Kxc3 Nd5+ 29. Kc4 Ne3+ 30. Kd3 Nd5 31. Ng5+ Kd6 32. Nxh7 Nb4+ 33. Kd2 e5 34. Ng5 exf4 35. gxf4 Nd5 36.
Nh3 Ke6 37. c4 Nb4 38. Ng5+ Kf6 39. Nf3 Nc6 40. Kc3 Kg6 41. Kd3 Kh5 42. Ne5 Nd4 43. b4 Ne6 44. Ke3 cxb4 45. Nc6 a5 46. Ne7 b3 47.
Kd2 Kg4 48. Nd5 Nd4 49. Kc3 b2 50. Kxb2 Kf3 51. Kc3 Ne2+ 52. Kd2 Nxf4 53. Nxb6 Ne6 54. Nd7 Kg2 55. c5 f4 56. c6 f3 57. Nf6 f2 58.
Ng4 Kf3 59. Nxf2 Kxf2 60. h4 Kf3 61. h5 Ke4 62. h6 Nf8 63. c7 1-0

[Event "***Titled Tuesday 3|2 Blitz"]
[Site "Chess.com"]
[Date "2017.02.07"]
[Round "9"]
[White "BilodeauA"]
[Black "Astaneh"]
[Result "0-1"]
[WhiteElo "2591"]
[BlackElo "2529"]
[TimeControl "180+2"]
[EndTime "15:16:34 PST"]
[Termination "Astaneh won by checkmate"]

1. e4 c6 2. d4 d5 3. e5 c5 4.
dxc5 e6 5. Nf3 Bxc5 6. Bd3 Nc6 7.
O-O Nge7 8. a3 Ng6 9. b4 Bb6 10.
Re1 f6 11. Bb2 Ngxe5 12. Nxe5 Nxe5 13. Bxe5 fxe5 14. Qh5+ Kf8 15. Qxe5 Qf6 16. Qxf6+ gxf6 17. c4 dxc4 18. Bxc4 e5 19. Nc3 Kg7 20. Rac1 Rd8 21. Nd5 Bd4 22. Nc7 Rb8 23. Be6 Bb2 24. Rcd1 Rxd1 25.
Rxd1 Bxe6 26. Nxe6+ Kf7 27. Nc5 Bxa3 28. Rd7+ Kg6 29.
Nd3 Kf5 30. f3 h5 31. Kf2 Ke6 32. Nc5+ Kf5 33. Rg7 h4 34. g4+ hxg3+ 35. hxg3 e4 36. g4+ Kf4 37. Nd7 Rd8 38. fxe4 Bxb4 39. Ke2 a5 40. e5 fxe5 41. g5 e4 42. g6 Kf5 43.
Rf7+ Kxg6 44. Ne5+ Kg5 45. Ke3 Re8 46. Nc4 Bc5+ 47.
Ke2 b6 48. Nd2 Kg6 49. Ra7 Kf5 50. Nc4 Ke6 51. Rh7 Kd5 52. Nd2 e3 53. Nb3 Kc4 54. Nc1 a4 55. Rh4+ Bd4 56. Nd3 a3 57. Rh1 a2 58. Rc1+ Kb5 59. Rd1 a1=Q 60. Nc1 Qb2+ 61. Kd3 e2 62. Rd2 Qxd2+ 63. Kxd2 e1=Q+ 64. Kc2 Qc3+ 65.
Kd1 Re1# 0-1

[Event "***Titled Tuesday 3|2 Blitz"]
[Site "Chess.com"]
[Date "2017.02.07"]
[Round "9"]
[White "martinique24"]
[Black "Kouzari"]
[Result "1-0"]
[WhiteElo "2355"]
[BlackElo "2487"]
[TimeControl "180+2"]
[EndTime "15:16:34 PST"]
[Termination "martinique24 won by resignation"]

1. e4 c5 2. Nf3 e6 3. d4 cxd4 4.
Nxd4 a6 5. c4 Nf6 6. Nc3 Qc7 7. a3 b6 8. Be3 Bb7 9. f3 d6 10. Be2 Be7 11. O-O O-O 12. Qd2 Nbd7 13. Rfc1 Rac8 14. b4 Rfe8 15. Kh1 Ne5 16. Na4 Nfd7 17. Bf1 h5 18. Bg5 Bf6 19. Bxf6 Nxf6 20. Qg5 Ng6 21. h4 Qd8 22. Ne2 Bc6 23. Nac3 Bb7 24. Na4 Bc6 25. Nac3 Bb7 26. Nd4 Ne5 27. Na4 g6 28. Rd1 Nxc4 29. Bxc4 Rxc4 30. Nxb6 Qxb6 31.
Qxf6 Qd8 32. Qxd8 Rxd8 33. Rac1 d5 34. Nb3 Rxc1 35. Nxc1 Rc8 36. exd5 Bxd5 37. Ne2 Rc4 38. Rd4 Kg7 39. Kg1 Rc2 40. Nf4 Bc4 41. Rd7 e5 42.
Nh3 Be6 43. Rd6 Bxh3 44. gxh3 Rc3 45. Rxa6 Rxf3 46. b5 Rb3 47. b6 Kf6 48. a4 Ke7 49. a5 Kd6 50. Ra8 Kc6 51. Rc8+ Kd7 52. Rc7+ Kd6 53. Rxf7 Rb5 54. Ra7 Kc6 55. Kf2 Rb3 56. Rc7+ Kd6 57. Ke2 e4 58. Rg7 Ra3 59. Rxg6+ Kc5 60.
b7 Rb3 61. Rb6 Rxh3 62. b8=Q 1-0

[Event "***Titled Tuesday 3|2 Blitz"]
[Site "Chess.com"]
[Date "2017.02.07"]
[Round "9"]
[White "DryCounty"]
[Black "coalescenet"]
[Result "1-0"]
[WhiteElo "2397"]
[BlackElo "2301"]
[TimeControl "180+2"]
[EndTime "15:16:37 PST"]
[Termination "DryCounty won by resignation"]

1. e4 c6 2. d4 d5 3. Nc3 dxe4 4.
Nxe4 Bf5 5. Nc5 b6 6. Nb3 a5 7.
Nf3 a4 8. Nbd2 e6 9. g3 a3 10.
b3 Nf6 11. Bg2 Bb4 12. O-O Bc3 13. Rb1 Bxd4 14. Nxd4 Qxd4 15. b4 O-O 16. Rb3 Rd8 17. c3 Qd6 18. Re1 Nbd7 19. Qe2 Bc2 20. Rxa3 Rxa3 21.
Bxa3 Ra8 22. Nc4 Qd3 23. Bxc6 Ra7 24. Bxd7 Nxd7 25. Ne3 Rxa3 26. Qxc2 Qxc2 27. Nxc2 Rxa2 28. Nd4 Kf8 29. Nb5 Ke7 30. Rd1 h5 31. h4 g6 32.
Nd6 Rc2 33. Nxf7 Rxc3 34. Ng5 Ne5 35. Kg2 Rb3 36. Re1 Kd6 37. Ne4+ Kc7 38. Ng5 Ng4 39. Nxe6+ Kd6 40. Nf4 Rxb4 41. Re6+ Kd7 42. Rxg6 Rb2 43. Nxh5 Nxf2 44. Kf3 b5 45. Nf6+ Ke6 46. Ne4+ Kf7 47. Rb6 Nxe4 48. Kxe4 b4 49. Kf4 b3 50. Kg5 Rb1 51.
g4 b2 52. Rb7+ Ke8 53. h5 Kd8 54. Rb4 Ke7 55. h6 Ke6 56. h7 Rh1 57. Rxb2 Rxh7 58.
Kg6 Rh1 59. g5 Ke7 60. Kg7 Re1 61. g6 Re3 62. Rf2 Ke8 63. Kg8 Ke7 64. g7 Ke8 65. Rg2 Ke7 66. Rh2 Rg3 67. Kh7 Kf7 68. Rf2+ Ke7 69. g8=Q 1-0

[Event "***Titled Tuesday 3|2 Blitz"]
[Site "Chess.com"]
[Date "2017.02.07"]
[Round "9"]
[White "kpio91"]
[Black "Sanan_Sjugirov"]
[Result "0-1"]
[WhiteElo "2539"]
[BlackElo "2662"]
[TimeControl "180+2"]
[EndTime "15:16:39 PST"]
[Termination "Sanan_Sjugirov won by resignation"]

1. e4 c5 2. Nf3 d6 3. d4 cxd4 4.
Nxd4 Nf6 5. f3 e5 6. Nb3 d5 7. Bg5 d4 8. c3 Nc6 9. Bb5 h6 10. Bh4 Qb6 11. Bc4 Be7 12. Bf2 Na5 13.
Nxa5 Qxa5 14. O-O dxc3 15. Nxc3 O-O 16. Qb3 Bc5 17. Rac1 Bd7 18. Nd5 Bxf2+ 19. Rxf2 Nxd5 20. Bxd5 Rab8 21. Qc3 Qb6 22. Qxe5 Rbc8 23. Rc3 Rxc3 24. bxc3 Bc6 25. g3 Bxd5 26. exd5 Qc5 27. Kg2 Rd8 28. Rd2 b5 29. h4 a5 30. h5 b4 31. cxb4 axb4 32. Qe2 Qd6 33. Qe4 Ra8 34. Kh3 Rd8 35. Rd4 Qd7+ 36. Qg4 Qd6 37. Qe4 Qd7+ 38. Kg2 Ra8 39. Rd2 Qd6 40. Qc4 Rd8 41. Kh3 Qd7+ 42. Kg2 Qd6 43. Qe4 Ra8 44. Rb2 Qc5 45. d6 Rd8 46. d7 Qb5 47. Rd2 Kf8 48. Qd4 Kg8 49. Qd6 Qg5 50. Re2 Qb5 51. Rd2 Qg5 52. f4 Qxh5 53. Qe7 Qa5 54. Rd3 Qxa2+ 55. Kf3 Qa8+ 56. Ke3 b3 57. Rxb3 Qa7+ 58.
Kf3 Rxd7 59. Qe8+ Kh7 60. Qe4+ g6 61. Re3 Qa1 62. Kg2 Rd2+ 63. Kh3 Qf1+ 64. Kg4 f5+ 0-1